 Dungeon Crawl Stone Soup version 0.18-a0-1788-g92de1ac (webtiles) character file.

86 FnF the Chopper (level 4, -8/38 HPs)
             Began as a Hill Orc Skald on Apr 20, 2016.
             Mangled by an orc
             ... wielding a +0 morningstar
              (9 damage)
             ... on level 3 of the Dungeon.
             The game lasted 00:04:12 (1349 turns).

FnF the Chopper (Hill Orc Skald)                    Turns: 1349, Time: 00:04:13

Health: -8/38      AC:  6    Str: 14    XL:     4   Next: 49%
Magic:  6/6        EV: 11    Int: 13    God:
Gold:   60         SH:  0    Dex: 10    Spells: 1 memorised, 5 levels left

rFire  . . .     SeeInvis .     a - +0 hand axe
rCold  + . .     Gourm    .     q - +2 robe {rN+}
rNeg   + . .     Faith    .     (no shield)
rPois  .         Spirit   .     (no helmet)
rElec  .         Dismiss  .     (no cloak)
rCorr  .         Reflect  .     (no gloves)
SustAt .         Harm     .     p - +1 pair of boots
MR     .....                    (no amulet)
Stlth  +.........               (no ring)
                                k - ring of protection from cold

@: not resistant to hostile enchantments, very unstealthy
A: no striking features
a: no special abilities


You were on level 3 of the Dungeon.
You were hungry.

You visited 1 branch of the dungeon, and saw 3 of its levels.

You collected 60 gold pieces.

Inventory:

Hand Weapons
 a - a +0 hand axe (weapon)
Missiles
 o - a throwing net (quivered)
Armour
 b - a +0 leather armour
 p - a +1 pair of boots (worn)
 q - a +2 robe of positive energy (worn)
Jewellery
 k - a ring of protection from cold (left hand)
Scrolls
 e - 2 scrolls of identify {unknown}
 h - a scroll of amnesia {unknown}
 i - a scroll of enchant armour {unknown}
 l - a scroll of noise {unknown}
 t - a scroll of remove curse {unknown}
Potions
 f - 2 potions of cancellation {unknown}
 g - 2 potions of brilliance {unknown}
 m - a potion of magic {unknown}
 s - a potion of cure mutation {unknown}
 u - 2 potions of flight {unknown}
 v - a potion of heal wounds {unknown}
Books
 c - a book of Battle

   Spells                             Type                      Level
   a - Infusion                       Charms                       1
   b - Shroud of Golubria             Charms/Translocation         2
   c - Song of Slaying                Charms                       2
   d - Spectral Weapon                Hexes/Charms                 3
   e - Regeneration                   Charms/Necromancy            3
Comestibles
 d - 2 bread rations
 j - a meat ration
 n - 2 royal jellies


   Skills:
 - Level 3.2 Fighting
 + Level 3.9 Axes
 - Level 2.1 Armour
 - Level 1.1 Dodging
 - Level 1.9 Spellcasting
 - Level 3.0 Charms


You had 5 spell levels left.
You knew the following spells:

 Your Spells              Type           Power        Failure   Level  Hunger
a - Infusion              Chrm           #...         10%         1    ##.....


Dungeon Overview and Level Annotations

Branches:
Dungeon (3/15)

Altars:

Annotations:
D:2 Sigmund!, Sigmund


Message History

You hit the orc.
You kill the orc!
The orc closely misses you.
You hit the orc.
You kill the orc!
You completely miss the orc. The orc hits you but does no damage.
You closely miss the orc. The orc hits you with a mace!
* * * LOW HITPOINT WARNING * * *
You hit the orc.
The orc is heavily wounded.
The orc closely misses you.
You hit the orc.
The orc is severely wounded.
The orc hits you with a mace!
* * * LOW HITPOINT WARNING * * *
You slash the orc!
You kill the orc!
You closely miss the orc. The orc barely misses you.
You hit the orc but do no damage. The orc hits you with a morningstar!
You die...

.###### ........#
#........ ........#
#......... ........<#
#......... .........#
#......... .........#
#.........
###..##.#.#####..!......
............@oo........
###.........<##.........
+.....##†...#.##<........
#.###..........#.##.#..##
#.....#.............#...
+....)......##.#.##....#
#.###.#.#...##.........#
#.#.#........##....#
........###...# ....


You could see 2 orcs.

Vanquished Creatures
  Jessica (D:2)
  An adder (D:2)
  2 oozes
  3 orcs (D:3)
  5 bats
  A giant cockroach (D:2)
  6 goblins
  2 hobgoblins
  2 jackals (D:1)
  6 kobolds
  A quokka (D:2)
  2 giant newts (D:2)
  8 rats
40 creatures vanquished.

Notes
Turn   | Place    | Note
--------------------------------------------------------------
     0 | D:1      | FnF the Hill Orc Skald began the quest for the Orb.
     0 | D:1      | Reached XP level 1. HP: 18/18 MP: 3/3
   144 | D:1      | Reached XP level 2. HP: 16/25 MP: 4/4
   807 | D:2      | Reached XP level 3. HP: 23/30 MP: 5/5
   822 | D:2      | Noticed Sigmund
  1051 | D:2      | Noticed Jessica
  1061 | D:2      | Killed Jessica
  1061 | D:2      | Reached skill level 1 in Dodging
  1061 | D:2      | Reached XP level 4. HP: 22/38 MP: 6/6
  1346 | D:3      | HP: 1/38 [orc/mace (10)]
  1349 | D:3      | Mangled by an orc

Vault maps used:
D:1:      minmay_arrival_nine_rooms
D:2:      uniq_sigmund, uniq_jessica

Skill      XL: |  1  2  3 |
---------------+----------+-----
Axes           | 3 |  3.9
Charms         | 3 |  3.0
Fighting       | 3 |  3.2
Armour         | 2 |  2.1
Dodging        | 1 |  1.1
Spellcasting   | |  1.9

Action                   |  1- 3 |  4- 6 || total
-------------------------+-------+-------++-------
Melee: Hand axe          |    72 |    50 ||   122
 Stab: Sleeping          |       |     1 ||     1
  Eat: Chunk             |       |     1 ||     1
Armor: Leather armour    |    21 |       ||    21
       Robe              |       |    12 ||    12
Dodge: Dodged            |    46 |    32 ||    78
